 Dungeon Crawl Stone Soup version 0.21.1-1-g345015f (webtiles) character file.

44 doot the Sneak (level 3, 0/28 HPs)
             Began as a Naga Enchanter on June 11, 2018.
             Slain by a hobgoblin
             ... wielding a +0 club
              (3 damage)
             ... on level 2 of the Dungeon.
             The game lasted 00:05:59 (2066 turns).

doot the Sneak (Naga Enchanter)                     Turns: 2066, Time: 00:06:00

Health: 0/28       AC:  2    Str: 10    XL:     3   Next: 60%
Magic:  0/7        EV: 10    Int: 15    God:
Gold:   109        SH:  0    Dex: 12    Spells: 4/7 levels left

rFire    . . .     SeeInvis +   a - +1 dagger
rCold    . . .     Gourm    .   (no shield)
rNeg     . . .     Faith    .   b - +0 robe
rPois    +         Spirit   .   (no helmet)
rElec    .         Reflect  .   (no cloak)
rCorr    +         Harm     +   (no gloves)
MR       .....                  (no barding)
Stlth    +++.......             o - amulet of harm
HPRegen  0.09/turn              f - ring of resist corrosion
MPRegen  0.10/turn              (no ring)

@: short of breath, very slow
A: large, see invisible, deformed body, poison resistance, slowness 2, slow
metabolism 1, spit poison 1, AC +1
a: Spit Poison


You were on level 2 of the Dungeon.
You were hungry.

You visited 1 branch of the dungeon, and saw 2 of its levels.

You collected 109 gold pieces.

Inventory:

Hand Weapons
 a - a +1 dagger (weapon)
 k - a +0 spear
Armour
 b - a +0 robe (worn)
Jewellery
 f - a ring of resist corrosion (left hand)
 o - an amulet of harm (around neck)
Scrolls
 e - 2 scrolls of identify {unknown}
 g - 3 scrolls of teleportation {unknown}
 h - 2 scrolls of enchant weapon {unknown}
 l - a scroll of blinking {unknown}
 n - a scroll of amnesia {unknown}
Potions
 i - a potion of might {unknown}
 j - 5 potions of curing {unknown}
Books
 c - a book of Maledictions

   Spells                             Type                      Level
   a - Corona                         Hexes                        1
   b - Ensorcelled Hibernation        Hexes/Ice                    2
   c - Confuse                        Hexes                        3
   d - Tukima's Dance                 Hexes                        3
   e - Dazzling Spray                 Conjuration/Hexes            3
Comestibles
 d - 4 rations
 m - a chunk of flesh


   Skills:
 + Level 1.2 Short Blades
 + Level 1.8 Dodging
 + Level 5.2 Stealth
 + Level 2.7 Spellcasting
 + Level 3.1 Hexes
 + Level 0.1 Ice Magic


You had 4 spell levels left.
You knew the following spells:

 Your Spells              Type           Power        Failure   Level  Hunger
a - Corona                Hex            ##.....      5%          1    #......
b - Ensorcelled Hibernat  Hex/Ice        #.....       16%         2    ##.....


Dungeon Overview and Level Annotations

Branches:
Dungeon (2/15)

Altars:
Ashenzari
Dithmenos


Innate Abilities, Weirdness & Mutations

You cannot wear boots.
Your serpentine skin is tough. (AC +1)
You have supernaturally acute eyesight. (SInv)
Armour fits poorly on your strangely shaped body.
Your system is resistant to poisons. (rPois)
You cover ground very slowly.
You have a slow metabolism.
You can spit poison.


Message History

Confirm with . or Enter, or press ? or * to list all spells.
Aiming: Ensorcelled Hibernation
Press: ? - help, Shift-Dir - straight line, f/p - hobgoblin
Aim: a hobgoblin, wielding a club (lightly wounded, chance to defeat MR: 56%)
The hobgoblin resists with significant effort.
The hobgoblin hits you with a club.
* * * LOW HITPOINT WARNING * * *
Press: ? - help, Shift-Dir - straight line, f/p - hobgoblin
Aim: a hobgoblin, wielding a club (lightly wounded)
The splash of poison misses the hobgoblin.
The splash of poison hits the hobgoblin.
You kill the hobgoblin!
You feel slightly more hungry. The hobgoblin misses you.
Casting: Ensorcelled Hibernation
Confirm with . or Enter, or press ? or * to list all spells.
Aiming: Corona
Press: ? - help, Shift-Dir - straight line, f/p - hobgoblin
Aim: a hobgoblin, wielding a club (lightly wounded, chance to defeat MR: 64%)
The hobgoblin is outlined in light.
The hobgoblin hits you with a club.
You die...

#.# #..##..[#
.# #.#
##.##...# (#
#.### #†##.#.#
#...# #(...#.#
###.# ##...#.#
#.###..#.#.#
#.##...#.#.#
#.#....#.#.#.
#@#.........>
#g#...##.#.##
#.#...# ...
#...### ..#
#..## ..#
#..### .#
######....###
#.....#.#...#
......._..#..#


You could see a hobgoblin.

Vanquished Creatures
  A worm (D:2)
  2 dart slugs (D:1)
  2 orcs
  9 bats
  A giant cockroach (D:1)
  5 goblins (D:1)
  5 hobgoblins
  2 kobolds
  2 frilled lizards (D:1)
  5 rats
34 creatures vanquished.

Notes
Turn   | Place    | Note
-------+----------+-------------------------------------------
     0 | D:1      | doot the Naga Enchanter began the quest for the Orb.
     0 | D:1      | Reached XP level 1. HP: 15/15 MP: 3/3
   500 | D:1      | Reached XP level 2. HP: 22/22 MP: 5/5
   513 | D:1      | Learned a level 2 spell: Ensorcelled Hibernation
  1108 | D:1      | Reached skill level 5 in Stealth
  1136 | D:1      | Reached XP level 3. HP: 10/28 MP: 0/6
  1974 | D:2      | Found a shadowy altar of Dithmenos.
  2041 | D:2      | Found a shattered altar of Ashenzari.
  2066 | D:2      | Slain by a hobgoblin

Skill      XL: |  1  2 |
---------------+-------+-----
Stealth        | 5 |  5.2
Short Blades   | |  1.2
Dodging        | |  1.8
Spellcasting   | |  2.7
Hexes          | |  3.1
Ice Magic      | |  0.1

Action                   || total
-------------------------++-------
Melee: Dagger            ||    70
 Cast: Corona            ||     7
       Ensorcelled Hiber ||    19
 Abil: Spit Poison       ||    18
 Stab: Sleeping          ||    12
  Eat: Chunk             ||     4
Armor: Robe              ||    19
Dodge: Dodged            ||    55
